 Dungeon Crawl Stone Soup version 0.18-a0-1628-g61c6396 (webtiles) character file.

485 Oddball22 the Insei (level 7, 0/38 HPs)
             Began as a Vine Stalker Monk on Mar 25, 2016.
             Slain by Grinder (4 damage)
             ... on level 3 of the Dungeon.
             The game lasted 00:08:38 (3663 turns).

Oddball22 the Insei (Vine Stalker Monk)             Turns: 3663, Time: 00:08:39

Health: 0/38       AC:  5    Str: 11 (14) XL:     7   Next: 13%
Magic:  0/12       EV: 14    Int: 14 (15) God:
Gold:   224        SH:  2    Dex: 15 (18) Spells: 0 memorised, 11 levels left

rFire  . . .     SeeInvis .     y - +0 scythe (holy)
rCold  . . .     Gourm    .     C - +2 robe {rN+}
rNeg   + . .     Faith    .     (shield currently unavailable)
rPois  .         Spirit   +     (no helmet)
rElec  .         Dismiss  .     (no cloak)
rCorr  .         Reflect  +     c - +0 pair of gloves
SustAt .         Harm     .     (no boots)
MR     .....                    e - +2 amulet of reflection
Stlth  ++........               (no ring)
                                (no ring)

@: brilliant, flying, not resistant to hostile enchantments, unstealthy
A: fangs 2, regeneration 2, magic shield, antimagic bite, no device heal 3, rot
immunity
a: no special abilities


You were on level 3 of the Dungeon.
You were not hungry.

You visited 1 branch of the dungeon, and saw 4 of its levels.

You collected 224 gold pieces.

Inventory:

Hand Weapons
 d - a +2 short sword of venom
 x - a +1 flail of crushing
 y - a +0 scythe of holy wrath (weapon)
Missiles
 o - 35 bolts
Armour
 c - a +0 pair of gloves (worn)
 C - a +2 robe of positive energy (worn)
Jewellery
 e - a +2 amulet of reflection (around neck)
 g - the amulet of Impatience {Spirit MR++ MP-9}
   (You found it on level 4 of the Dungeon)

   [amulet of guardian spirit]

   It causes incoming damage to be split between your health and magic.
   It affects your resistance to hostile enchantments.
   It affects your magic capacity (-9).
Scrolls
 i - a scroll of enchant weapon {unknown}
 l - 2 scrolls of identify
 m - a scroll of fog {unknown}
 n - a scroll of fear {unknown}
 q - 2 scrolls of enchant armour {unknown}
 s - a scroll of remove curse {unknown}
 t - a scroll of teleportation {unknown}
 u - 3 scrolls of blinking {unknown}
 w - a scroll of random uselessness {unknown}
Comestibles
 b - 7 bread rations
 f - a royal jelly
 h - 3 meat rations
 p - 13 fruits
 v - a beef jerky
 B - 6 chunks of flesh


   Skills:
 * Level 4.8 Fighting
 + Level 3.7 Dodging
 - Level 2.4 Stealth
 + Level 5.1 Unarmed Combat
 + Level 2.9 Spellcasting


You had 11 spell levels left.
You didn't know any spells.

Dungeon Overview and Level Annotations

Branches:
Dungeon (4/15)
 Temple: D:4-7

Altars:
Pakellas
Sif Muna
Zin
The Shining One

Annotations:
D:3 Grinder


Innate Abilities, Weirdness & Mutations

You have extremely sharp teeth.
You heal very quickly.
When hurt, damage is shared between your health and your magic reserves.
Your bite disrupts and absorbs the magic of your enemies.
Potions and wands cannot restore your health.
You are immune to rotting.


Message History

Some of the chunks of flesh in your inventory have rotted away.
Things that are here:
a mace; an orc corpse You're too confused to attack without stumbling around!
Grinder gestures at you. Pain shoots through your body!
* * * LOW HITPOINT WARNING * * *
Things that are here:
a hand axe; a ring mail; an orc corpse You feel less invigorated.
You feel less confused.
Things that are here:
a hand axe; a ring mail; an orc corpse You closely miss Grinder.
Grinder is heavily wounded.
Grinder gestures at you. Pain shoots through your body!
* * * LOW HITPOINT WARNING * * *
Grinder hits you!
You die...

#..........####.#.#...
#..........####.#.#.##
#.............#.#.#...
#.............#.#.....
#.............#.#..... .
#................#....
...##########............
....................#....
........@...........#....
........5......########..
.........†......# #..
....?...........# ####..
................# #.....
.....?..........# #....)
................# #.....
......########## #.....
...... #.....


You could see Grinder.

Vanquished Creatures
  Sigmund (D:3)
  A quasit (D:3)
  A hound (D:4)
  2 orc wizards (D:4)
  2 worker ants (D:4)
  5 adders
  2 adder skeletons (D:4)
  4 worms
  A dart slug (D:1)
  A giant gecko (D:2)
  19 orcs
  A ball python (D:1)
  6 bats
  3 giant cockroaches
  6 goblins
  9 hobgoblins
  12 kobolds
  2 quokkas
  3 giant newts
  A jackal skeleton (D:4)
  11 rats
93 creatures vanquished.

Vanquished Creatures (others)
  A dart slug (D:1)
1 creature vanquished.

Grand Total: 94 creatures vanquished

Notes
Turn   | Place    | Note
--------------------------------------------------------------
     0 | D:1      | Oddball22 the Vine Stalker Monk began the quest for the Orb.
     0 | D:1      | Reached XP level 1. HP: 11/11 MP: 2/2
   211 | D:1      | Reached XP level 2. HP: 16/16 MP: 3/3
   382 | D:1      | Reached skill level 1 in Spellcasting
   648 | D:1      | Reached XP level 3. HP: 17/19 MP: 5/5
  1051 | D:2      | Found a glowing silver altar of Zin.
  1465 | D:2      | Reached XP level 4. HP: 22/24 MP: 5/7
  2010 | D:3      | Found a deep blue altar of Sif Muna.
  2014 | D:3      | Found a glowing golden altar of the Shining One.
  2068 | D:3      | Noticed Sigmund
  2376 | D:4      | Got a twitching steel amulet
  2410 | D:4      | Reached XP level 5. HP: 11/28 MP: 4/8
  2591 | D:4      | Gained mutation: You heal very quickly. [Vine Stalker growth]
  2591 | D:4      | Reached XP level 6. HP: 28/33 MP: 10/10
  2828 | D:4      | Identified the amulet of Impatience {Spirit MR++ MP-9} (You found it on level 4 of the Dungeon)
  3146 | D:3      | Found a faded altar to an unknown god.
  3170 | D:3      | Killed Sigmund
  3170 | D:3      | Reached skill level 5 in Unarmed Combat
  3438 | D:3      | Reached XP level 7. HP: 38/38 MP: 12/12
  3453 | D:3      | Found an oddly glowing altar of Pakellas.
  3453 | D:3      | Noticed a wolf spider
  3533 | D:3      | Noticed Grinder
  3663 | D:3      | Slain by Grinder

Vault maps used:
D:1:      evilmike_arrival_rings, kennysheep_nondescript, lemuel_flame_loot_1
D:2:      lemuel_doored_altar
D:3:      grunt_temple_overflow_open, ecumenical_altar_1, first_bread,
          hangedman_decor_riveting, gammafunk_pakellas_cloud_experiment,
          uniq_grinder, uniq_sigmund

Skill      XL: |  1  2  3  4  5  6 |
---------------+-------------------+-----
Spellcasting   | 1 2 |  2.9
Fighting       | 3 4 |  4.8
Dodging        | 3 |  3.7
Unarmed Combat | 5 |  5.1
Stealth        | |  2.4

Action                   |  1- 3 |  4- 6 |  7- 9 || total
-------------------------+-------+-------+-------++-------
Melee: Short sword       |    65 |   132 |    22 ||   219
       Unarmed           |     4 |       |       ||     4
       Scythe            |       |       |     9 ||     9
  Use: Potion            |     1 |       |     5 ||     6
       Scroll            |       |     1 |       ||     1
 Stab: Sleeping          |     7 |     3 |     1 ||    11
  Eat: Chunk             |     2 |     6 |     1 ||     9
